 Dungeon Crawl Stone Soup version 0.22-a0-611-g46e8f3c735 (webtiles) character file.

3949 Bapho the Carver (level 10, -8/120 HPs)
             Began as a Demonspawn Berserker on July 11, 2018.
             Was an Elder of Trog.
             Mangled by an orc knight
             ... wielding a +0 war axe
              (12 damage)
             ... in a bailey.
             The game lasted 00:14:19 (8122 turns).

Bapho the Carver (Demonspawn Berserker)             Turns: 8122, Time: 00:14:20

Health: -8/120     AC: 12    Str: 22    XL:     10   Next: 2%
Magic:  10/10      EV: 13    Int: 10    God:    Trog [****..]
Gold:   400        SH:  0    Dex: 18    Spells: 9/9 levels left

rFire    . . .     SeeInvis .   a - +3 short sword of the Thirsty Ships {elec, Dex+3}
rCold    . . .     Gourm    .   (no shield)
rNeg     . . .     Faith    .   f - +0 scale mail
rPois    .         Spirit   .   e - +1 helmet
rElec    .         Reflect  .   (no cloak)
rCorr    .         Harm     .   E - +0 pair of gloves
MR       .....                  (no boots)
Stlth    ..........             (no amulet)
HPRegen  0.30/turn              (no ring)
MPRegen  0.12/turn              (no ring)

@: berserking, very quick
A: talons 2, rugged brown scales 2, powered by pain 1
a: Berserk, Trog's Hand, Brothers in Arms, Renounce Religion


You were in a bailey.
You worshipped Trog.
Trog was greatly pleased with you.
You were hungry.

You visited 1 branch of the dungeon, and saw 8 of its levels.
You also visited: Bailey.

You collected 400 gold pieces.

Inventory:

Hand Weapons
 a - the +3 short sword of the Thirsty Ships (weapon) {elec, Dex+3}
   (You found it on level 4 of the Dungeon)

   Occasionally, upon striking a foe, it will discharge some electrical energy
   and cause terrible harm.
   It affects your dexterity (+3).
 b - a +1 shortbow
 t - a +0 long sword
 u - a +0 falchion
 B - the +2 mace "Bingo" {freeze, +Inv}
   (You found it on level 6 of the Dungeon)

   It has been specially enchanted to freeze those struck by it, causing extra
   injury to most foes and up to half again as much damage against particularly
   susceptible opponents.
   It can also slow down cold-blooded creatures.
   It lets you turn invisible.
Missiles
 d - 191 stones (quivered)
 j - 154 arrows
 D - 8 tomahawks of returning
Armour
 e - a +1 helmet (worn)
 f - a +0 scale mail (worn)
 w - a +0 animal skin
 E - a +0 pair of gloves (worn)
Jewellery
 q - an uncursed ring of see invisible {unknown}
Wands
 y - a wand of random effects (27)
Scrolls
 g - 2 scrolls of fog
 h - 5 scrolls of identify
 i - 4 scrolls of teleportation
 p - a scroll of enchant weapon
 r - 3 scrolls of remove curse
 x - a scroll of enchant armour
Potions
 k - a potion of resistance
 m - 2 potions of magic
 n - a potion of flight
 o - a potion of agility
 s - a potion of heal wounds {unknown}
 v - a potion of ambrosia {unknown}
 z - a potion of curing {unknown}
 A - 2 potions of degeneration {unknown}
 C - a potion of lignification {unknown}
Comestibles
 c - 17 rations
 l - 8 chunks of flesh


   Skills:
 - Level 6.4 Fighting
 - Level 8.0 Long Blades
 - Level 5.8 Bows
 + Level 1.0 Throwing
 - Level 5.4 Armour
 - Level 5.4 Dodging


You had 9 spell levels left.
You didn't know any spells.
Your spell library contained the following spells:

 Spells                   Type           Power        Failure   Level  Hunger
 Apportation              Tloc           #.....       67%         1    ##.....
 Confuse                  Hex            #.......     95%         3    ####...
 Invisibility             Hex            #.......     100%        6    #######
 Summon Small Mammal      Summ           #...         67%         1    ##.....
 Animate Skeleton         Necr           N/A          67%         1    ##.....
 Swiftness                Chrm/Air       #.......     80%         2    ###....
 Confusing Touch          Hex            #.....       67%         1    ##.....
 Passwall                 Tmut/Erth      #.......     80%         2    ###....
 Metabolic Englaciation   Hex/Ice        #.........   100%        5    ######.
 Lee's Rapid Deconstruct  Erth           #.........   100%        5    ######.
 Petrify                  Tmut/Erth      #.......     100%        4    #####..
 Passage of Golubria      Tloc           N/A          100%        4    #####..
 Darkness                 Hex            #.........   100%        6    #######
 Gell's Gravitas          Tloc           #.........   95%         3    ####...
 Yara's Violent Unravell  Hex/Tmut       #.........   100%        5    ######.


Dungeon Overview and Level Annotations

Branches:
Dungeon (8/15)             Temple (0/1) D:4            Lair (0/6) D:8

Altars:
Cheibriados
Hepliaklqana
Kikubaaqudgha
Makhleb
Qazlal
Ru
Xom
Zin

Shops:
D:5 [

Annotations:
D:4 2 runed doors


Innate Abilities, Weirdness & Mutations

You have razor-sharp toenails.
You are mostly covered in rugged brown scales. (AC +2, +5% HP)
You sometimes gain a little power by taking damage.


Message History

You feel yourself moving faster!
You feel mighty!
You are feeling hungry.
You barely miss the orc knight.
The orc knight is moderately wounded.
The orc knight hits you with a war axe!!
* * * LOW HITPOINT WARNING * * *
Your scale mail prevents you from hitting the orc knight.
The orc knight is moderately wounded.
You puncture the orc knight!
Lightning courses through the orc knight!
You claw the orc knight.
The orc knight is severely wounded.
The orc knight hits you with a war axe!!
* * * LOW HITPOINT WARNING * * *
You puncture the orc knight! Your kick misses the orc knight.
The orc knight is severely wounded.
You closely miss the orc knight.
The orc knight is severely wounded.
The orc knight hits you with a war axe!
You die...

♣.# ... ♣♣.(###'#
♣...≈≈≈.# ♣...≈≈≈.#
∩..K≈≈≈K#≈....∩....≈
♣...≈≈≈K##.........##
♣..K≈≈≈K#≈..8...8..≈#
♣♣..###o#≈.........≈#
♣.##..@#≈)!8oo.8!=≈#
♣##....##≈o#####≈≈##.
##...†..####...####..
#....)...............
#..8.†8)............8
#....................
##...................
##...8...##'''##...8
##.....##.....##...


You could see an orc knight and 3 kobolds.

Vanquished Creatures
  A two-headed ogre (D:8)
  Grinder (D:6)
  A hippogriff (D:7)
  A spriggan (D:8)
  A hungry ghost (D:4)
  A steam dragon (D:4)
  Duvessa (D:6)
  An orc warrior (Bailey)
  2 ice beasts
  A sky beast (D:5)
  3 ogres
  2 centaurs
  2 bullfrogs
  A wyvern skeleton (D:8)
  Dowan (D:6)
  2 scorpions
  4 wights (D:8)
  A howler monkey (D:5)
  3 crimson imps
  4 hounds
  5 orc priests
  2 bullfrog skeletons
  3 orc wizards
  2 iguanas
  Natasha (thrice) (D:4)
  8 worker ants
  A hound zombie (D:5)
  A worker ant zombie (D:6)
  13 adders
  4 gnolls (D:8)
  2 shadow imps
  2 adder skeletons
  4 worms
  A dart slug (D:1)
  5 leopard geckos
  27 orcs
  2 ball pythons (D:1)
  6 bats
  6 giant cockroaches
  8 goblins
  6 hobgoblins
  5 jackals
  7 kobolds
  3 quokkas
  3 frilled lizards
  A giant cockroach zombie (D:5)
  2 leopard gecko skeletons
  A quokka skeleton (D:4)
  10 rats
177 creatures vanquished.

Notes
Turn   | Place    | Note
-------+----------+-------------------------------------------
     0 | D:1      | Bapho the Demonspawn Berserker began the quest for the Orb.
     0 | D:1      | Reached XP level 1. HP: 18/18 MP: 1/1
   497 | D:1      | Gained mutation: You have sharp toenails. [demonic ancestry]
   497 | D:1      | Reached XP level 2. HP: 24/24 MP: 2/2
   547 | D:1      | Reached skill level 3 in Long Blades
  1668 | D:2      | Gained mutation: You are partially covered in rugged brown scales. (AC +1, +3% HP) [demonic ancestry]
  1668 | D:2      | Reached XP level 3. HP: 24/29 MP: 3/3
  2237 | D:2      | Found an ancient bone altar of Kikubaaqudgha.
  2635 | D:3      | Found a snail-covered altar of Cheibriados.
  2635 | D:3      | Found a stormy altar of Qazlal.
  2726 | D:3      | Reached ** piety under Trog
  2726 | D:3      | Reached XP level 4. HP: 36/36 MP: 4/4
  3423 | D:4      | Found a staircase to the Ecumenical Temple.
  3469 | D:4      | Noticed an ogre
  3484 | D:4      | Killed an ogre
  3484 | D:4      | Reached skill level 4 in Long Blades
  3484 | D:4      | Gained mutation: You sometimes gain a little power by taking damage. [demonic ancestry]
  3484 | D:4      | Reached XP level 5. HP: 16/43 MP: 5/5
  3825 | D:4      | Found a large runed door.
  3825 | D:4      | Found a large runed door.
  3846 | D:4      | Found a large runed door.
  3846 | D:4      | Found a large runed door.
  3848 | D:4      | Noticed a steam dragon
  3848 | D:4      | Noticed a hungry ghost
  3852 | D:4      | Killed a hungry ghost
  3852 | D:4      | Gained mutation: You are mostly covered in rugged brown scales. (AC +2, +5% HP) [demonic ancestry]
  3852 | D:4      | Reached XP level 6. HP: 50/50 MP: 6/6
  3854 | D:4      | Killed a steam dragon
  3854 | D:4      | Reached skill level 5 in Long Blades
  3902 | D:4      | Got a crystal short sword
  3903 | D:4      | Identified the +3 short sword of the Thirsty Ships {elec, Dex+3} (You found it on level 4 of the Dungeon)
  3920 | D:4      | Reached XP level 7. HP: 57/57 MP: 7/7
  3935 | D:4      | Noticed Natasha
  3947 | D:4      | Killed Natasha
  3994 | D:4      | Noticed Natasha
  3999 | D:4      | Killed Natasha
  4178 | D:4      | Noticed Natasha
  4184 | D:4      | Killed Natasha
  4418 | D:5      | Entered Level 5 of the Dungeon
  4536 | D:5      | Reached *** piety under Trog
  4568 | D:5      | Found Odwets's Antique Armour Emporium.
  4721 | D:5      | Reached skill level 5 in Fighting
  4763 | D:5      | Reached skill level 6 in Long Blades
  4763 | D:5      | Reached XP level 8. HP: 56/65 MP: 8/8
  6137 | D:6      | Noticed Duvessa
  6144 | D:6      | Noticed Dowan
  6147 | D:6      | Killed Duvessa
  6150 | D:6      | Killed Dowan
  6294 | D:6      | Reached skill level 7 in Long Blades
  6435 | D:6      | Found a shattered altar of Ashenzari.
  6442 | D:6      | Found a sacrificial altar of Ru.
  6442 | D:6      | Found a burning altar of Makhleb.
  6445 | D:6      | Found a hazy altar of Hepliaklqana.
  6445 | D:6      | Found a glowing silver altar of Zin.
  6445 | D:6      | Found a shimmering altar of Xom.
  6609 | D:6      | Reached **** piety under Trog
  6631 | D:6      | Reached skill level 5 in Armour
  6645 | D:6      | Got a bloodstained mace
  6646 | D:6      | Identified the cursed +2 mace "Bingo" {freeze, +Inv} (You found it on level 6 of the Dungeon)
  6718 | D:6      | Noticed Grinder
  6720 | D:6      | Paralysed by Grinder for 4 turns
  6731 | D:6      | Paralysed by Grinder for 6 turns
  6741 | D:6      | Killed Grinder
  6741 | D:6      | Reached skill level 5 in Dodging
  6741 | D:6      | Reached XP level 9. HP: 72/72 MP: 9/9
  7381 | D:7      | Reached skill level 8 in Long Blades
  7716 | D:8      | Reached skill level 1 in Bows
  7751 | D:8      | Noticed a two-headed ogre
  7761 | D:8      | Killed a two-headed ogre
  7768 | D:8      | Reached skill level 5 in Bows
  8026 | D:8      | Found a flagged portal.
  8034 | Bailey   | Entered a bailey
  8039 | Bailey   | Noticed an orc warlord
  8101 | Bailey   | Noticed an orc knight
  8110 | Bailey   | Received a gift from Trog
  8110 | Bailey   | Reached skill level 1 in Throwing
  8110 | Bailey   | Gained mutation: You have razor-sharp toenails. [demonic ancestry]
  8110 | Bailey   | Reached XP level 10. HP: 58/80 MP: 10/10
  8120 | Bailey   | HP: 4/120 [orc knight/war axe (25)]
  8122 | Bailey   | Mangled by an orc knight

Vault maps used:
D:1:      dpeg_arrival_shelter
D:2:      kiku_gazebo_garden_becter
D:3:      chequers_temple_overflow_statue_of_worship
D:4:      temple_pool_b, first_ration, minmay_hollow_rounded_squares,
          uniq_natasha
D:5:      minmay_diamond_boxcup, serial_shops, shop
D:6:      doesnt_xom_only_xom, uniq_grinder, uniq_duvessa
D:8:      lemuel_doored_altar, erik_lair_dragon, lightli_bailey_entry_fortress,
          the_bakery
Bailey:   bailey_axe_bossmonster_kennysheep, bailey

Skill      XL: |  1  2  3  4  5  6  7  8  9 |
---------------+----------------------------+-----
Long Blades    | 3 4 5 6 7 8 |  8.0
Armour         | 2 3 4 5 |  5.4
Dodging        | 2 3 4 5 |  5.4
Fighting       | 4 5 6 |  6.4
Bows           | 5 |  5.8
Throwing       | 1 |  1.0

Action                   |  1- 3 |  4- 6 |  7- 9 | 10-12 || total
-------------------------+-------+-------+-------+-------++-------
Melee: Falchion          |    98 |    32 |       |       ||   130
       Kick              |    25 |    13 |    98 |     2 ||   138
       Short sword       |       |     7 |   355 |     9 ||   371
 Fire: Shortbow          |       |       |    24 |       ||    24
Throw: Stone             |    91 |    20 |   179 |       ||   290
Invok: Berserk           |     2 |     3 |     3 |     1 ||     9
  Use: Scroll            |       |     4 |     8 |       ||    12
  Eat: Chunk             |     8 |     2 |    18 |       ||    28
       Ration            |       |     1 |       |       ||     1
Armor: Animal skin       |     2 |       |       |       ||     2
       Scale mail        |    18 |    23 |   137 |       ||   178
Dodge: Dodged            |    53 |    34 |   202 |     3 ||   292
       Rpst.: Falchion   |    16 |    11 |       |       ||    27

Table legend:
 A = Spawn XP
 B = Non-spawn XP
 C = Spawn XP percentage of total XP
 D = Spawn monster count
 E = Non-spawn monster count
 F = Spawn count percentage of total count
 G = Total turns spent on level
                    A         B        C        D         E        F      G
               +---------+---------+-------+---------+---------+-------+---------
         Total |       0 |    5642 |   0.0 |       0 |     177 |   0.0 |  8122
               +---------+---------+-------+---------+---------+-------+---------
           D:1 |       0 |      24 |   0.0 |       0 |      15 |   0.0 |  1301
           D:2 |       0 |      68 |   0.0 |       0 |      22 |   0.0 |  1238
           D:3 |       0 |      19 |   0.0 |       0 |       5 |   0.0 |   662
           D:4 |       0 |    1093 |   0.0 |       0 |      27 |   0.0 |  1217
           D:5 |       0 |     625 |   0.0 |       0 |      35 |   0.0 |  1669
           D:6 |       0 |    1160 |   0.0 |       0 |      26 |   0.0 |   927
           D:7 |       0 |     771 |   0.0 |       0 |      12 |   0.0 |   687
           D:8 |       0 |    1738 |   0.0 |       0 |      29 |   0.0 |   333
        Bailey |       0 |     144 |   0.0 |       0 |       6 |   0.0 |    88
               +---------+---------+-------+---------+---------+-------+---------
